 Dungeon Crawl Stone Soup version 0.29.0-4-gdea44cf6ec (webtiles) character file.

Game seed: 10495439137504571233

64 Destructed3 the Trooper (level 3, -3/31 HPs)
             Began as a Mummy Fighter on Aug 27, 2022.
             Was a Believer of Fedhas.
             Slain by an ice beast (5 damage)
             ... on level 3 of the Dungeon.
             The game lasted 00:04:20 (1812 turns).

Destructed3 the Trooper (Mummy Fighter)             Turns: 1812, Time: 00:04:22

Health: -3/31      AC:  6    Str: 19    XL:     3   Next: 91%
Magic:  3/3        EV:  9    Int:  7    God:    Fedhas [**....]
Gold:   120        SH:  4    Dex: 13    Spells: 2/2 levels left

rFire   x . .      SeeInvis .   e - +3 dagger (flame)
rCold   + . .      Faith    .   c - +0 buckler
rNeg    + + +      Spirit   .   b - +0 scale mail
rPois   ∞          Reflect  .   (no helmet)
rElec   .          Harm     .   (no cloak)
rCorr   .          Rampage  .   (no gloves)
Will    .....                   (no boots)
Stlth   ..........              (no amulet)
HPRegen 0.10/turn               (no ring)
MPRegen 0.08/turn               (no ring)

@: no status effects
A: cold resistance 1, negative energy resistance 3, torment resistance 2, heat
vulnerability 1, in touch with death 1, no potions
a: Renounce Religion, Wall of Briars


You were on level 3 of the Dungeon.
You worshipped Fedhas.
Fedhas was pleased with you.
You visited 1 branch of the dungeon, and saw 3 of its levels.

You collected 120 gold pieces.

Inventory:

Hand Weapons
 a - a +0 flail
 e - a +3 dagger of flaming (weapon)
Armour
 b - a +0 scale mail (worn)
 c - a +0 buckler (worn)
Scrolls
 d - a scroll of enchant weapon {unknown}
 f - 2 scrolls of teleportation {unknown}
 g - a scroll of blinking {unknown}
 h - a scroll of torment {unknown}
 i - a scroll of identify {unknown}
 j - a scroll of butterflies {unknown}
 k - a scroll of amnesia {unknown}


   Skills:
 + Level 4.4 Fighting
 + Level 0.2 Short Blades
 - Level 1.7 Maces & Flails
 - Level 2.5 Armour
 - Level 2.5 Shields


You had 2 spell levels left.
You didn't know any spells.
Your spell library contained the following spells:

 Spells                   Type           Power      Damage    Failure   Level
 Apportation              Tloc           0%         N/A       88%         1
 Gell's Gravitas          Tloc           0%         N/A       99%         3
 Teleport Other           Tloc           0%         N/A       99%         3
 Corpse Rot               Necr/Pois/Air  0%         N/A       100%        4
 Summon Forest            Summ/Tloc      0%         N/A       100%        5


Dungeon Overview and Level Annotations

Branches:
Dungeon (3/15)

Altars:
Fedhas
Xom


Innate Abilities, Weirdness & Mutations

You are immune to poison.
Your flesh is cold resistant. (rC+)
You are immune to negative energy. (rN+++)
You are immune to unholy pain and torment.
You are vulnerable to heat. (rF-)
You are in touch with the powers of death.
You do not drink.


Message History

You hit the kobold. You burn the kobold.
You kill the kobold!
Fedhas appreciates your contribution to the ecosystem.
The ice beast completely misses you. The ice beast hits you.
The ice beast freezes you. You resist.
You hit the ice beast.
You melt the ice beast.
The ice beast is moderately wounded.
The ice beast hits you but does no damage.
You hit the ice beast.
You melt the ice beast.
The ice beast is heavily wounded.
You block the ice beast's attack.
You closely miss the ice beast.
The ice beast is heavily wounded.
The ice beast hits you but does no damage.
You hit the ice beast.
You melt the ice beast.
The ice beast is heavily wounded.
The ice beast barely misses you.
You hit the ice beast but do no damage.
The ice beast is heavily wounded.
The ice beast hits you. The ice beast freezes you. You resist.
You hit the ice beast but do no damage.
The ice beast is heavily wounded.
The ice beast hits you. The ice beast freezes you. You resist.
* * * LOW HITPOINT WARNING * * *
You hit the ice beast.
You melt the ice beast.
The ice beast is heavily wounded.
The ice beast hits you.
* * * LOW HITPOINT WARNING * * *
The ice beast freezes you. You resist.
* * * LOW HITPOINT WARNING * * *
The ice beast attacks as you move away!
The ice beast hits you but does no damage.
There is a stone staircase leading up here.
You closely miss the ice beast.
The ice beast is heavily wounded.
The ice beast hits you.
* * * LOW HITPOINT WARNING * * *
The ice beast freezes you. You resist.
You die...
Fedhas appreciates your contribution to the ecosystem.

#.#.# .#
###.#.##.###
#..........#
#..........#
#.....?....#
#..........
#.......#
#...).Y.#
#......@#
#..........#
#..........#
############


You could see an ice beast.

Vanquished Creatures
  An adder (D:2)
  2 dart slugs (D:1)
  3 endoplasms (D:2)
  10 goblins
  6 hobgoblins
  2 jackals (D:1)
  3 kobolds
  2 quokkas (D:1)
  5 ball pythons
  6 bats
  A frilled lizard (D:1)
  5 rats
46 creatures vanquished.

Notes
Turn   | Place    | Note
-------+----------+-------------------------------------------
     0 | D:1      | Destructed3 the Mummy Fighter began the quest for the Orb.
     0 | D:1      | Reached XP level 1. HP: 18/18 MP: 1/1
    91 | D:1      | Reached XP level 2. HP: 19/24 MP: 2/2
   516 | D:1      | Found a faded altar of an unknown god.
   533 | D:1      | Prayed at the altar of an unknown god.
   533 | D:1      | Became a worshipper of Fedhas Madash
   533 | D:1      | Reached * piety under Fedhas
   579 | D:1      | Got the Anthology of Unstable Filth
   582 | D:1      | Gained mutation: You are in touch with the powers of death.
                  | [Mummy growth]
   582 | D:1      | Reached XP level 3. HP: 30/30 MP: 3/3
  1180 | D:2      | Reached skill level 4 in Fighting
  1199 | D:2      | Found a shimmering altar of Xom.
  1660 | D:2      | Reached ** piety under Fedhas
  1793 | D:3      | Noticed an ice beast
  1812 | D:3      | Slain by an ice beast

Illustrated notes

Levels and vault maps discovered:
D:1:      dpeg_arrival_round_a, layout_basic, hellmonk_ecumenical_altar_blasted,
          serial_forest, infiniplex_forest_fountain,
          infiniplex_forest_straight_4, infiniplex_forest_lined_corner,
          infiniplex_forest_corner_2, infiniplex_forest_clump_double
D:2:      layout_rooms, basic_altar
D:3:      layout_loops_corners, uniq_robin, uniq_natasha

Skill      XL: |  1  2  3 |
---------------+----------+-----
Fighting       | 4 |  4.4
Short Blades   | |  0.2
Maces & Flails | |  1.7
Armour         | |  2.5
Shields        | |  2.5

Action                   || total
-------------------------++-------
Melee: Flail             ||    36
       Dagger            ||   102
Armor: Scale mail        ||    80
Dodge: Dodged            ||    88
Block: Buckler           ||    30
